 Dungeon Crawl Stone Soup version 0.31.0-32-g396128a36d (webtiles) character file.

Game seed: 9432476338391830206

805992 zen1337 the Worldbinder (level 27, -22/307 (310) HPs)
             Began as a Demonspawn Conjurer on Mar 8, 2024.
             Was the Champion of Vehumet.
             Annihilated by a nargun (62 damage)
             ... on level 19 of a ziggurat on Mar 14, 2024.
             The game lasted 08:00:23 (58964 turns).

zen1337 the Worldbinder (Demonspawn Conjurer)      Turns: 58964, Time: 08:00:24

HP:   -22/307 (310) AC: 36    Str:  5    XL:     27
MP:   2/58          EV:  2    Int: 41    God:    Vehumet [******]
Gold: 6302          SH: 14    Dex: 20    Spells: 1/71 levels left

rFire   + + .        S - staff of Melee {rF+ MP+9 Fire Ice}
rCold   . . .        z - +3 warlock's mirror {omnireflect}
rNeg    + + .        T - melded +5 moon troll leather armour {Spirit, Regen++ MP+5}
rPois   +            F - melded +2 helmet "Moefrad" {rC+ Will++}
rElec   .            x - melded +2 cloak of the Thief {*Fog Slay-2 SInv Stlth+}
rCorr   .            (gloves unavailable)
SInv    .            s - melded +3 pair of mountain boots {steadfast, rC+}
Will    ++...        O - amulet "Qepiykog" {RegenMP rF+ Will+ Str-2 Dex+2}
Stlth   ++           j - ring of the Tsukumogami {rPois rN++ Will- Int+2 Dex+6}
HPRegen 6.71/turn    K - ring of the Octopus King {Wiz HP+2 AC+2 EV+2 SH+2}
MPRegen 0.76/turn

%: reflection, wizardry (x2)
@: on fire, tree-form, calling dragons, glowing, studying 4 skills, silenced,
lightly drained
A: stationary, stasis, torment immunity, boosted hp, (claws 3), ignite blood 3,
powered by death 3, black mark, big brain 3, bedeviling, aura of silence,
(hooves 1), (cold resistance 1), sense surroundings 1, (electricity resistance)
}: 3/15 runes: serpentine, barnacled, silver
a: Renounce Religion


You were on level 19 of a ziggurat.
You worshipped Vehumet.
Vehumet was exalted by your worship.
You were a tree.
You visited 9 branches of the dungeon, and saw 41 of its levels.
You visited 2 ziggurats (completing 1), and saw 46 of their levels.
You also visited: Ossuary, Ice Cave and Desolation.

You collected 10485 gold pieces.
You spent 4183 gold pieces at shops.

Inventory:

Hand Weapons
 G - the +10 morningstar "Eos" {elec, Halo rElec}
   (You found it on level 16 of a ziggurat)

   Halo:      It grants its wielder a halo, revealing invisible creatures and
   increasing accuracy against all within it other than the wielder.
   rElec:     It insulates you from electricity.
 R - the +9 sword of Power {lifebolt}
   (You found it on level 8 of a ziggurat)
Armour
 d - a +2 helmet of intelligence
 s - the +3 pair of mountain boots (melded) {steadfast, rC+}
   (You found it on level 15 of a ziggurat)

   Steadfast: It prevents involuntary movement, except for blinking,
   teleportation, or banishment.
   rC+:       It protects you from cold.
 x - the +2 cloak of the Thief (melded) {*Fog Slay-2 SInv Stlth+}
   (You found it on level 5 of the Vaults)

   *Fog:      It may release a thick cloud of smoke when the wearer is hurt.
   Slay-2:    It affects your accuracy & damage with ranged weapons and melee
   (-2).
   SInv:      It lets you see invisible.
   Stlth+:    It makes you more stealthy.
 z - the +3 warlock's mirror (worn) {omnireflect}
   (You found it on level 3 of the Snake Pit)

   Omnireflect: It can block and reflect piercing ranged attacks and magical
   attacks against the wielder's willpower.
 A - a +2 kite shield of protection
 B - the +2 shield of Resistance {rF++ rC++ Will++}
   (You found it on level 9 of a ziggurat)

   rF++:      It greatly protects you from fire.
   rC++:      It greatly protects you from cold.
   Will++:    It greatly increases your willpower.
 F - the +2 helmet "Moefrad" (melded) {rC+ Will++}
   (You bought it in a shop on level 3 of the Elven Halls)

   rC+:       It protects you from cold.
   Will++:    It greatly increases your willpower.
 Q - the +5 storm dragon scales of Bitterness {^Drain rElec rN+ Will+ Regen+}
   (You found it on level 14 of a ziggurat)

   rElec:     It insulates you from electricity.
   rN+:       It protects you from negative energy.
   Will+:     It increases your willpower.
   Regen+:    It increases your rate of health regeneration.
   ^Drain:    It drains your maximum health when unequipped.
 T - the +5 moon troll leather armour (melded) {Spirit, Regen++ MP+5}
   (You found it on level 17 of a ziggurat)

   MP+5:      It affects your magic capacity (+5).
   Regen++:   It increases your rate of health regeneration.
Magical Staves
 k - the staff of Eternal Vigilance {rN+ Dex-2 SInv Necro Earth Alchemy}
   (You found it on level 15 of a ziggurat)

   [staff of death]

   Base accuracy: +5 Base damage: 5 Base attack delay: 1.2 This weapon's minimum
   attack delay (0.6) is reached at skill level 12.
   Dex-2:     It affects your dexterity (-2).
   rN+:       It protects you from negative energy.
   SInv:      It lets you see invisible.
   Necro:     It increases the power of your Necromancy spells.
   Earth:     It increases the power of your Earth spells.
   Alchemy:   It increases the power of your Alchemy spells.
   It falls into the 'Staves' category.
   It is a one-handed weapon.
 S - the staff of Melee (weapon) {rF+ MP+9 Fire Ice}
   (You found it on level 21 of a ziggurat)

   [staff of fire]

   Base accuracy: +5 Base damage: 5 Base attack delay: 1.2 This weapon's minimum
   attack delay (0.6) is reached at skill level 12.
   rF+:       It protects you from fire.
   MP+9:      It affects your magic capacity (+9).
   Fire:      It increases the power of your Fire spells.
   Ice:       It increases the power of your Ice spells.
   It falls into the 'Staves' category.
   It is a one-handed weapon.
Jewellery
 f - the ring "Metuixeb" {Fly MP+9 Int+6 Dex-3}
   (You found it on level 3 of the Snake Pit)

   [ring of intelligence]

   Int+6:     It affects your intelligence (+6).
   Dex-3:     It affects your dexterity (-3).
   MP+9:      It affects your magic capacity (+9).
   Fly:       It grants you flight.
 j - the ring of the Tsukumogami (left branch) {rPois rN++ Will- Int+2 Dex+6}
   (You found it on level 10 of a ziggurat)

   [ring of dexterity]

   Int+2:     It affects your intelligence (+2).
   Dex+6:     It affects your dexterity (+6).
   rPois:     It protects you from poison rN++: It greatly protects you from
   negative energy.
   Will-:     It decreases your willpower.
 m - the ring of Disaster {^Drain rElec rN+ Dex+6}
   (You found it on level 5 of a ziggurat)

   [ring of dexterity]

   Dex+6:     It affects your dexterity (+6).
   rElec:     It insulates you from electricity.
   rN+:       It protects you from negative energy.
   ^Drain:    It drains your maximum health when unequipped.
 E - the necklace of Bloodlust {Fury *Rage Will++ Int-3 Slay+6}
   (You found it on level 12 of a ziggurat)

   [amulet of nothing]

   Fury:      It extends the wearer's berserk rage when killing foes.
   Int-3:     It affects your intelligence (-3).
   Slay+6:    It affects your accuracy & damage with ranged weapons and melee
   (+6).
   Will++:    It greatly increases your willpower.
   *Rage:     It berserks you when you make melee attacks (+50% chance).
 H - a ring of wizardry
 K - a ring of the Octopus King (right branch) {Wiz HP+2 AC+2 EV+2 SH+2}
   (You found it on level 24 of a ziggurat)

   [ring of wizardry]

   Wiz:       It improves your spell success rate.
   AC+2:      It affects your AC (+2).
   EV+2:      It affects your evasion (+2).
   HP+2:      It affects your health (+2).
   SH+2:      It affects your SH (+2).
 O - the amulet "Qepiykog" (around neck) {RegenMP rF+ Will+ Str-2 Dex+2}
   (You found it on level 21 of a ziggurat)

   [amulet of magic regeneration]

   RegenMP:   It increases your rate of magic regeneration.
   Str-2:     It affects your strength (-2).
   Dex+2:     It affects your dexterity (+2).
   rF+:       It protects you from fire.
   Will+:     It increases your willpower.
Wands
 g - a wand of mindburst (9)
 i - a wand of polymorph (9)
 u - a wand of flame (90)
Scrolls
 a - 15 scrolls of immolation
 b - 7 scrolls of butterflies
 h - 21 scrolls of enchant armour
 n - 9 scrolls of poison
 o - 16 scrolls of amnesia
 q - 11 scrolls of enchant weapon
 t - 33 scrolls of teleportation
 w - 6 scrolls of blinking
 y - 3 scrolls of torment
 J - 3 scrolls of silence
 V - 17 scrolls of fog
 W - a scroll of brand weapon
 X - 10 scrolls of revelation
 Z - 6 scrolls of fear
Potions
 c - 20 potions of curing
 e - 4 potions of enlightenment
 l - 9 potions of lignification
 p - 3 potions of invisibility
 C - 3 potions of berserk rage
 I - 10 potions of cancellation
 L - 2 potions of heal wounds
 N - 3 potions of resistance
 P - 27 potions of mutation
 U - a potion of haste
 Y - a potion of attraction
Miscellaneous
 r - a sack of spiders
 v - a lightning rod (4/4)
 D - a condenser vane
 M - a phial of floods


   Skills:
 - Level 17.2 Fighting
 - Level 14.0 Armour
 - Level 10.5 Dodging
 - Level 11.1 Stealth
 - Level 17.2 Shields
 - Level 22.8 Spellcasting
 - Level 17.9 Conjurations
 - Level 24.9 Summonings
 - Level 17.5 Necromancy
 - Level 18.5 Fire Magic
 - Level 9.1 Earth Magic
 - Level 15.2 Evocations
 * Level 14.0 Shapeshifting


You had one spell level left.
You knew the following spells:

 Your Spells              Type           Power      Damage    Failure   Level
a - Dragon's Call         Summ           64%        N/A       1%          9
b - Fire Storm            Conj/Fire      69%        8d18      2%          9
c - Iskenderun's Mystic   Conj/Tloc      88%        2d17      1%          4
d - Borgnjor's Revivific  Necr           56%        N/A       1%          8
e - Infestation           Necr           56%        N/A       1%          8
f - Spellforged Servitor  Conj/Summ      61%        N/A       1%          7
g - Lehudib's Crystal Sp  Conj/Erth      51%        10d12     1%          8
h - Blink                 Tloc           92%        N/A       1%          2
i - Ignition              Fire           69%        3d18      1%          8
j - Malign Gateway        Summ/Tloc      49%        N/A       1%          7

Your spell library contained the following spells:

 Spells                   Type           Power      Damage    Failure   Level
 Shatter                  Erth           44%        3d34*     54%         9
 Chain Lightning          Conj/Air       44%        3d58      56%         9
 Kiss of Death            Conj/Necr      100%       2d13      0%          1
 Magic Dart               Conj           100%       1d8       0%          1
 Necrotise                Necr           100%       1d9       0%          1
 Sting                    Conj/Alch      100%       1d9       0%          1
 Summon Small Mammal      Summ           100%       N/A       0%          1
 Apportation              Tloc           92%        N/A       1%          1
 Freeze                   Ice            100%       1d10      1%          1
 Call Imp                 Summ           100%       N/A       0%          2
 Momentum Strike          Conj/Tloc      100%       3d10      0%          2
 Scorch                   Fire           100%       2d9       0%          2
 Searing Ray              Conj           100%       2d8       0%          2
 Static Discharge         Conj/Air       100%       3-8/arc   0%          2
 Sublimation of Blood     Necr           100%       N/A       0%          2
 Call Canine Familiar     Summ           100%       N/A       0%          3
 Fugue of the Fallen      Necr           100%       N/A       0%          3
 Vampiric Draining        Necr           100%       2d13      0%          3
 Animate Dead             Necr           100%       N/A       0%          4
 Brom's Barrelling Bould  Conj/Erth      100%       2d11      0%          4
 Dispel Undead            Necr           100%       3d31      0%          4
 Flame Wave               Conj/Fire      100%       2d21      0%          4
 Martyr's Knell           Necr/Summ      100%       N/A       0%          4
 Summon Blazeheart Golem  Fire/Summ      100%       N/A       0%          4
 Curse of Agony           Necr           100%       N/A       0%          5
 Fireball                 Conj/Fire      69%        3d26      0%          5
 Iskenderun's Battlesphe  Conj           100%       2d15      0%          5
 Summon Cactus Giant      Summ           64%        N/A       0%          6
 Monstrous Menagerie      Summ           64%        N/A       0%          7
 Summon Hydra             Summ           64%        N/A       0%          7
 Cigotuvi's Dreadful Rot  Necr/Alch/Air  100%       N/A       1%          2
 Jinxbite                 Hex            100%       N/A       1%          2
 Lesser Beckoning         Tloc           92%        N/A       1%          2
 Mercury Vapours          Alch/Air       92%        N/A       1%          2
 Dazzling Flash           Conj/Hex       100%       N/A       1%          3
 Frozen Ramparts          Ice            100%       1d16      1%          3
 Gell's Gravitas          Tloc           46%        N/A       1%          3
 Hailstorm                Conj/Ice       100%       3d16      1%          3
 Inner Flame              Hex/Fire       100%       N/A       1%          3
 Mephitic Cloud           Conj/Alch/Air  77%        N/A       1%          3
 Ozocubu's Armour         Ice            63%        N/A       1%          3
 Passwall                 Erth           89%        N/A       1%          3
 Sigil of Binding         Hex            63%        N/A       1%          3
 Swiftness                Air            46%        N/A       1%          3
 Teleport Other           Tloc           46%        N/A       1%          3
 Tukima's Dance           Hex            63%        N/A       1%          3
 Volatile Blastmotes      Fire/Tloc      100%       2d18      1%          3
 Airstrike                Air            23%        2d(4-20)  1%          4
 Anguish                  Hex/Necr       54%        N/A       1%          4
 Cause Fear               Hex            31%        N/A       1%          4
 Dimensional Bullseye     Hex/Tloc       31%        N/A       1%          4
 Fulminant Prism          Conj/Alch      44%        3d19      1%          4
 Ignite Poison            Fire/Alch      100%       N/A       1%          4
 Leda's Liquefaction      Alch/Erth      35%        N/A       1%          4
 Manifold Assault         Tloc           46%        N/A       1%          4
 Olgreb's Toxic Radiance  Alch           46%        N/A       1%          4
 Passage of Golubria      Tloc           46%        N/A       1%          4
 Petrify                  Alch/Erth      71%        N/A       1%          4
 Sticky Flame             Fire/Alch      100%       2d15      1%          4
 Summon Lightning Spire   Summ/Air       99%        N/A       1%          4
 Vhi's Electric Charge    Tloc/Air       92%        N/A       1%          4
 Arcjolt                  Conj/Air       44%        1d54      1%          5
 Borgnjor's Vile Clutch   Necr/Erth      51%        N/A       1%          5
 Freezing Cloud           Conj/Ice/Air   48%        6-21      1%          5
 Irradiate                Conj/Alch      44%        3d26      1%          5
 Lee's Rapid Deconstruct  Erth           44%        3d21*     1%          5
 Summon Forest            Summ/Tloc      49%        N/A       1%          5
 Yara's Violent Unravell  Hex/Alch       31%        3d13      1%          5
 Bombard                  Conj/Erth      51%        9d9       1%          6
 Conjure Ball Lightning   Conj/Air       44%        3x3d15    1%          6
 Death Channel            Necr           56%        N/A       1%          6
 Plasma Beam              Fire/Air       55%        2x1d71    1%          6
 Haunt                    Necr/Summ      60%        N/A       1%          7
 Orb of Destruction       Conj           57%        9d14      1%          7
 Alistair's Intoxication  Alch           30%        N/A       4%          5
 Metabolic Englaciation   Hex/Ice        40%        N/A       4%          5
 Silence                  Hex/Air        31%        N/A       4%          5
 Eringya's Noxious Bog    Alch           23%        4d6       6%          6
 Death's Door             Necr           56%        N/A       11%         9
 Dispersal                Tloc           23%        N/A       21%         6
 Sculpt Simulacrum        Ice/Alch       31%        N/A       21%         6
 Polar Vortex             Ice            31%        12d4*     99%         9
 Discord                  Hex            31%        N/A       100%        8
 Disjunction              Tloc           23%        N/A       100%        8


Dungeon Overview and Level Annotations

Branches:
Dungeon (15/15)            Temple (1/1) D:6            Lair (5/5) D:9
 Shoals (4/4) Lair:2        Snake (4/4) Lair:3        Slime (0/5) Lair:4
    Orc (2/2) D:10            Elf (3/3) Orc:2        Vaults (5/5) D:14
  Crypt (0/3) Vaults:2     Depths (2/4) D:15        Ossuary (visited)
  IceCv (visited)         Desolation (visited)

Altars:
Ashenzari
Cheibriados
Dithmenos
Fedhas
Gozag
Hepliaklqana
Kikubaaqudgha
Makhleb
Nemelex Xobeh
Okawaru
Qazlal
Ru
Sif Muna
Trog
Uskayaw
Vehumet
Wu Jian
Xom
Yredelemnul

Shops:
D:7 [   D:11 :   D:15 *?   Orc:1 *   Orc:2 ?[[*   Elf:1 :   Elf:2 *
Elf:3 =[*(:   Shoals:1 (   Snake:2 =   Vaults:2 [   Vaults:3 :

Portals:
Hell: Depths:1 Depths:2
Abyss: Depths:1

Annotations:
D:5 2 transporters, Killerpretzel's ghost, novice OpSh
Elf:1 2 transporters, riffraff's ghost, adept MiBe


Innate Abilities, Weirdness & Mutations

You are a tree.
Your roots penetrate the ground, keeping you stationary.
You cannot be teleported.
You are immune to unholy pain and torment.
Your maximum health is greatly increased.
Your equipment is partially melded.
((You have claws for hands.))
Your demonic aura causes all spilled blood to erupt in flames.
You regenerate a lot of health from kills.
Your melee attacks may debilitate your foes.
You have an absolutely massive brain. (Int +6, Wiz)
Your hexes are more powerful.
You are surrounded by an aura of silence.
((You have large cloven feet.))
((Your flesh is cold resistant. (rC+)))
You passively map a small area around you.
((You are resistant to electric shocks. (rElec)))


Message History

Your storm dragon claws the hellephant!
Your storm dragon barely misses the hellephant.
You block the ancient lich's attack. The nargun hits you! The nargun bites you!
* * * LOW HITPOINT WARNING * * *
The nargun freezes you!!!
* * * LOW HITPOINT WARNING * * *
The hellephant tramples you!
* * * LOW HITPOINT WARNING * * *
The hellephant bites you but does no damage.
The hellephant gores you but does no damage.
Something tramples your shadow dragon!
Your shadow dragon holds its ground!
Something bites your shadow dragon.
Something gores your shadow dragon but does no damage.
Something hits your shadow dragon.
Your shadow dragon bites the hell beast.
Your shadow dragon claws the hell beast but does no damage.
Your shadow dragon claws the hell beast.
Unknown command.
You feel much better. The liquid fire burns you!
* * * LOW HITPOINT WARNING * * *
A dragon arrives to answer your call!
The hell beast bites your shadow dragon!
The hell beast tramples your shadow dragon.
Your shadow dragon holds its ground!
The hell hog bites you but does no damage.
Your storm dragon bites the hellephant!!
Your storm dragon completely misses the hellephant.
Your storm dragon tramples the hellephant but does no damage.
The reaper hits you but does no damage.
The soul eater hits your shadow dragon but does no damage.
The nargun hits your shadow dragon but does no damage.
The nargun bites your shadow dragon!!
Your shadow dragon dies!
Your shadow dragon's corpse disappears in a puff of smoke!
The ancient lich touches you but does no damage.
The nargun hits you but does no damage. The nargun bites you.
* * * LOW HITPOINT WARNING * * *
The nargun freezes you!!!
You die...

▓▓▓▓▓▓▓▓▓▓▓▓▓
▓▓...........▓▓
▓▓.............▓▓
▓▓.§§§§..........▓▓
▓▓§..§2§Y.D.......p▓
▓▓..§§§3§3..)...R.312
▓▓....Y♣L293..Y3..24pR
▓▓....D2h93R2293....hp3
▓.∩...§D§12W§.2......h3
▓▓.....§....p.1...°r.n2
▓▓.......2p.....°°3.Es
* ▓▓......p.......°.232
▓▓................2▓
▓▓...............▓▓
▓▓............h▓▓


You could see 2 hellephants, an ancient lich, an Ice Fiend (unsilenced), a
wendigo (unsilenced), a hell beast (unaware, ally target), a balrug
(unsilenced), a reaper, 2 soul eaters, a hell hog (unsilenced, ally target), a
sun demon, 2 narguns, a silent spectre (silencing), 2 necromancers, a tormentor
(wandering, unsilenced), a friendly iron dragon (summoned, wandering,
unsilenced) and a friendly storm dragon (summoned, unsilenced).

Vanquished Creatures
  6 dread liches
  5 ancient liches
  3 royal mummies
  8 shard shrikes
  Bai Suzhen (Vaults:4)
  3 Killer Klowns
  2 caustic shrikes (Zig:12)
  5 pandemonium lords
  3 golden dragons
  3 Brimstone Fiends
  6 Tzitzimimeh
  2 hellephants (Zig:12)
  13 liches
  6 Ice Fiends
  A Hell Sentinel (Zig:25)
  6 tentacled monstrosities
  A tainted leviathan (Zig:18)
  7 walking frostbound tomes
  Rupert (D:14)
  7 deep elf blademasters
  2 quicksilver dragons
  Zenata (Vaults:3)
  3 titans (Vaults:5)
  A deep elf master archer (Zig:18)
  Agnes (Elf:2)
  6 sphinxes
  7 Executioners
  9 ancient champions
  Polyphemus (Shoals:2)
  3 krakens (Shoals:4)
  15 tengu reavers
  Roxanne (D:14)
  A thorn hunter (Zig:19)
  7 draconian monks
  11 fenstrider witches
  7 azure jellies
  4 shadow dragons
  Ilsuiw (Shoals:4)
  52 nagarajas
  A protean progenitor (Zig:11)
  3 storm dragons (Vaults:5)
  2 revenants
  A nargun (Zig:2)
  14 draconian knights
  3 fire giants (Vaults:5)
  10 draconian scorchers
  6 demonspawn warmongers
  9 ghost moths (Zig:17)
  9 deep elf sorcerers
  7 draconian shifters
  4 deep elf elementalists
  22 vault wardens
  7 frost giants
  8 orc warlords (Zig:26)
  An imperial myrmidon (Desolation)
  8 draconian stormcallers
  A balrug (Zig:9)
  2 cacodemons
  An angel (Zig:9)
  3 spectral caustic shrikes (Depths:1)
  A juggernaut zombie (Zig:20)
  8 reapers
  5 demonspawn corrupters
  A quicksilver ooze (IceCv)
  2 ghouls
  5 demonspawn blood saints
  13 draconian annihilators
  8 curse skulls
  A caustic shrike skeleton (Zig:10)
  13 very ugly things
  3 ironbound thunderhulks
  10 stone giants
  3 formless jellyfish
  13 ironbound preservers
  8 vampire knights
  3 lorocyprocas (Zig:14)
  2 green draconians (Zig:24)
  2 eleionomae
  2 black draconians
  Nessos (D:14)
  13 deep elf death magi
  9 bunyips
  A juggernaut skeleton (Zig:20)
  5 yellow draconians
  6 dire elephants
  7 deep elf demonologists
  5 demonspawn black suns
  A bennu (Zig:20)
  A purple draconian (Zig:8)
  A spark wasp (Depths:1)
  4 white draconians (Zig:8)
  4 red draconians
  Snorg (D:14)
  2 halazid warlocks (Desolation)
  14 deep elf annihilators
  9 blizzard demons
  6 mummy priests
  A jiangshi (Zig:17)
  5 eidola
  9 green deaths
  A crystal guardian (Desolation)
  2 entropy weavers (shapeshifter) (D:13)
  6 ettins
  7 yaktaur captains
  4 merfolk impalers
  An ice dragon (Lair:5)
  A shambling mangrove (Zig:19)
  6 ragged hierophants (Desolation)
  7 deep elf high priests
  An entropy weaver (Vaults:3)
  4 great orbs of eyes
  6 servants of whispers
  3 ghost crabs
  7 salamander tyrants
  A rakshasa (D:14)
  10 hydras
  2 juggernaut simulacra (Zig:22)
  5 hell beasts
  8 peacekeepers
  A spriggan zombie (Zig:20)
  33 vault guards
  8 ogre magi
  9 ironbound frosthearts
  4 caustic shrike simulacra
  6 spriggan air magi
  2 jorogumos (Zig:17)
  4 satyrs
  2 alligators
  A merfolk avatar (Shoals:3)
  20 anacondas
  19 centaur warriors
  An alligator snapping turtle (Shoals:4)
  3 deep troll shamans (Depths:1)
  6 merfolk aquamancers
  14 two-headed ogres
  An alligator snapping turtle (shapeshifter) (Zig:11)
  5 boulder beetles
  Erica (D:8)
  8 naga warriors
  2 demonic crawlers
  A tengu warrior (D:13)
  8 vampire magi
  10 dancing weapons
  A sphinx skeleton (Zig:20)
  4 death scarabs
  3 death yaks (Lair:1)
  2 occultists
  11 orc high priests
  A titan zombie (Vaults:4)
  3 soul eaters
  17 naga sharpshooters
  A thrashing horror (Zig:9)
  6 deep elf knights
  3 hell knights (Vaults:3)
  A wretched star (Zig:9)
  23 shock serpents
  Amaemon (D:11)
  A crystal echidna (Zig:25)
  9 skysharks
  A titan skeleton (Zig:20)
  A golden dragon zombie (Vaults:4)
  2 pharaoh ants (Zig:8)
  A fire crab (Zig:3)
  A sixfirhy (Zig:11)
  2 goliath frogs
  2 iron trolls
  2 salamander mystics (Zig:15)
  The ghost of Cruel the Chopper, a novice FoWn of Fedhas (D:13)
  A death drake (Zig:19)
  4 skeletal warriors
  A storm dragon skeleton (Zig:10)
  3 swamp dragons
  2 glowing orange brains
  28 deep trolls
  11 sea snakes
  2 orb spiders
  8 arcanists
  4 flayed ghosts
  2 spriggan simulacra
  A large abomination (Zig:11)
  4 lindwurms
  8 mana vipers
  6 deep elf archers
  A glowing orange brain (shapeshifter) (Vaults:5)
  2 obsidian statues (Zig:18)
  3 orange crystal statues
  5 naga ritualists
  3 spriggan druids
  5 orc knights
  20 deep elf zephyrmancers
  6 harpies
  10 necromancers
  21 deep elf pyromancers
  Pikel (D:6)
  17 ironbound convokers
  A steelbarb worm (Zig:8)
  2 stone giant zombies
  5 phantasmal warriors
  15 orc sorcerers
  A shining eye (shapeshifter) (Zig:6)
  2 shadow dragon skeletons (Zig:20)
  9 moths of wrath
  A wolf spider (Zig:8)
  3 cyclopes
  13 manticores
  2 will-o-the-wisps
  Maurice (D:10)
  5 salamanders
  9 fauns
  24 vault sentinels
  7 meliai
  17 ugly things
  6 ice statues
  A guardian serpent (shapeshifter) (Vaults:5)
  2 apocalypse crabs
  45 black mambas
  6 kobold blastminers
  7 merfolk sirens
  7 elephants
  35 naga magi
  17 guardian serpents
  2 orange demons
  14 water nymphs
  4 torpor snails
  Joseph (D:7)
  2 smoke demons (Zig:9)
  2 molten gargoyles
  3 unseen horrors
  An unseen horror (shapeshifter) (D:13)
  10 cane toads
  4 rime drakes
  4 tormentors
  7 freezing wraiths
  10 guardian mummies
  3 hellions
  2 kobold demonologists
  10 komodo dragons
  19 yaktaurs
  2 komodo dragons (shapeshifter) (Zig:23)
  An efreet (D:13)
  5 ice devils
  A tengu conjurer (Depths:1)
  13 merfolk
  3 bloated husks
  9 trolls
  3 hellwings
  3 nameless horrors
  2 polar bears
  2 tyrant leeches (Zig:19)
  2 wind drakes
  6 hornets
  5 snapping turtles
  5 blink frogs
  53 saltlings (Desolation)
  2 tarantellas
  A frost giant simulacrum (Vaults:4)
  A centaur simulacrum (D:15)
  37 slime creatures
  2 iron dragon simulacra (Zig:20)
  3 spriggans
  2 culicivoras
  An ettin skeleton (Vaults:2)
  3 jumping spiders
  4 air elementals
  10 wyverns
  9 water elementals
  3 fire elementals
  A wraith (D:12)
  3 hogs (Snake:1)
  3 steam dragons
  A basilisk (Lair:2)
  7 ushabtiu
  A spectral komodo dragon (Lair:3)
  4 wargs
  7 redbacks
  40 yaks
  A human simulacrum (Vaults:2)
  3 vampire mosquitoes (D:11)
  A yaktaur simulacrum (Vaults:4)
  4 chaos spawn (Zig:11)
  2 neqoxecs (Zig:11)
  A death yak simulacrum (Lair:3)
  An elf skeleton (Vaults:4)
  34 nagas
  An acid dragon (shapeshifter) (D:15)
  3 acid dragons (D:9)
  A glowing shapeshifter zombie (Zig:20)
  2 hell hounds (Lair:5)
  13 water moccasins
  2 ice beasts (D:6)
  28 orc warriors
  A human skeleton (Vaults:2)
  5 black bears
  28 ogres
  5 human zombies
  10 wolves
  9 centaurs
  A phantom (D:7)
  A weeping skull (Ossuary)
  6 kobold brigands
  A slime creature simulacrum (IceCv)
  6 bullfrogs
  A cane toad simulacrum (Lair:3)
  An earth elemental (Elf:1)
  A water moccasin zombie (Ossuary)
  4 scorpions
  5 wights (D:7)
  4 killer bees (D:11)
  5 lava snakes (Lair:5)
  3 howler monkeys
  4 jellies
  14 orc priests
  Crazy Yiuf (D:2)
  2 hounds (D:4)
  2 gnoll boudas (D:7)
  2 sleepcaps
  A spectral scorpion (Ossuary)
  3 iguanas
  17 orc wizards
  5 hell rats (Lair:4)
  A shapeshifter simulacrum (IceCv)
  A bullfrog simulacrum (Ossuary)
  18 mummies
  16 gnolls
  9 adders
  5 white imps
  2 ufetubi (D:5)
  3 adder zombies (Ossuary)
  A ribbon worm (D:2)
  3 dart slugs
  37 orcs
  13 ball pythons
  7 endoplasms
  3 giant cockroaches
  15 gnoll zombies (Ossuary)
  6 goblins
  6 hobgoblins
  21 kobolds
  5 quokkas
  A bat (D:2)
  3 frilled lizards
  4 jackal zombies (Ossuary)
  6 orc zombies (Ossuary)
  3 rats
  A fire vortex (Zig:15)
  13 tentacles (Shoals:4)
2131 creatures vanquished.

Vanquished Creatures (collateral kills)
  A pandemonium lord (Zig:14)
  3 dread liches
  7 ancient liches
  Mara (Snake:4)
  2 royal mummies (Zig:20)
  2 shard shrikes (Zig:22)
  A Killer Klown (Zig:11)
  Saint Roka (Vaults:3)
  Vashnia (Snake:3)
  2 caustic shrikes
  Margery (Vaults:3)
  Nikola (Snake:3)
  Norris (Elf:1)
  4 golden dragons
  2 Tzitzimimeh
  2 Brimstone Fiends
  2 bone dragons (Zig:9)
  2 tentacled monstrosities
  A Hell Sentinel (Zig:11)
  A hellephant (Vaults:3)
  4 Ice Fiends
  A lich (Zig:27)
  A walking frostbound tome (Zig:12)
  2 deep elf blademasters
  A deep elf master archer (Zig:18)
  The ghost of riffraff the Executioner, an adept MiBe of Trog (Snake:3)
  2 titans (Vaults:5)
  A quicksilver dragon (shapeshifter) (Zig:11)
  A quicksilver dragon (Zig:13)
  An eldritch tentacle (Depths:1)
  A kraken (Shoals:4)
  A tentacled starspawn (Zig:9)
  2 storm dragons (Vaults:5)
  An Executioner (Zig:11)
  Gastronok (Lair:3)
  Kirke (Snake:1)
  2 azure jellies
  2 shadow dragons (Depths:1)
  Donald (Shoals:1)
  A draconian monk (Zig:24)
  A fenstrider witch (Zig:19)
  3 tengu reavers
  Aizul (Snake:1)
  7 nagarajas
  3 revenants
  2 draconian shifters (Zig:24)
  An emperor scorpion (D:15)
  2 fire giants (Vaults:5)
  6 frost giants
  Louise (Elf:2)
  An emperor scorpion (shapeshifter) (Zig:6)
  10 vault wardens
  A draconian scorcher (Zig:3)
  A quicksilver elemental (Zig:16)
  A balrug (Zig:25)
  A curse skull (Zig:17)
  A draconian knight (Zig:12)
  4 deep elf elementalists (Elf:3)
  3 deep elf sorcerers
  6 orc warlords
  A draconian stormcaller (Zig:24)
  2 reapers
  2 spriggan defenders (Depths:1)
  2 ironbound thunderhulks
  A demonspawn corrupter (Zig:14)
  2 caustic shrike skeletons
  12 very ugly things
  6 ironbound preservers
  A formless jellyfish (Shoals:3)
  5 draconian annihilators
  A broodmother (Zig:8)
  3 stone giants
  4 demonspawn blood saints
  2 quicksilver oozes (IceCv)
  5 deep elf demonologists
  3 bennus (Zig:20)
  A putrid mouth (Zig:19)
  3 lorocyprocas
  2 deep elf death magi (Elf:3)
  A war gargoyle (Zig:4)
  A black draconian (Zig:24)
  A yellow draconian (Zig:24)
  8 deep elf annihilators
  3 bunyips (Zig:14)
  3 spark wasps (Depths:1)
  A purple draconian (Zig:24)
  A dire elephant (D:15)
  2 crystal guardians (Desolation)
  2 ettins
  A merfolk javelineer (Shoals:4)
  3 merfolk impalers
  A mummy priest (Zig:10)
  2 green deaths
  2 yaktaur captains
  An entropy weaver (Vaults:4)
  2 shambling mangroves (Zig:14)
  2 fire dragons
  5 deep elf high priests
  A spriggan zombie (Zig:20)
  A ragged hierophant (Desolation)
  A peacekeeper (Vaults:2)
  2 great orbs of eyes
  4 hydras
  An ice dragon (Depths:1)
  3 vault guards (Vaults:3)
  A juggernaut simulacrum (Zig:12)
  2 ironbound frosthearts
  33 salamander tyrants
  7 anacondas
  2 ogre magi
  A spriggan air mage (Zig:27)
  The ghost of kober the Eclecticist, a journeyman DEIE of Vehumet (Lair:3)
  3 centaur warriors
  A merfolk avatar (Shoals:4)
  3 satyrs
  A boulder beetle (D:12)
  An alligator snapping turtle (Shoals:4)
  2 merfolk aquamancers
  A deep troll earth mage (Depths:1)
  3 death scarabs (Zig:20)
  A death knight (D:13)
  2 death yaks (Lair:1)
  17 naga warriors
  A vampire mage (Depths:1)
  A tengu warrior (Depths:1)
  27 dancing weapons
  3 orc high priests
  2 hell knights
  5 soul eaters
  3 spriggan berserkers (Depths:1)
  2 hell hogs
  9 shock serpents
  An occultist (Zig:27)
  2 sun demons
  18 naga sharpshooters
  14 deep elf knights
  5 iron trolls
  4 skysharks
  2 skeletal warriors (D:15)
  A glowing orange brain (Vaults:4)
  8 mana vipers
  A storm dragon skeleton (Vaults:4)
  8 deep trolls
  12 salamander mystics
  A golden dragon zombie (Zig:20)
  3 obsidian statues
  A flayed ghost (Depths:1)
  3 naga ritualists (Snake:4)
  2 swamp dragons
  5 orange crystal statues
  4 sea snakes
  An arcanist (Vaults:3)
  2 necromancers
  20 deep elf zephyrmancers
  A spriggan simulacrum (Zig:22)
  6 deep elf archers
  3 orc knights
  2 phantasmal warriors (Vaults:5)
  2 starcursed masses (Zig:9)
  6 harpies
  2 orc sorcerers
  2 will-o-the-wisps
  5 ugly things
  22 deep elf pyromancers
  4 ironbound convokers
  18 salamanders
  A cyclops (Orc:2)
  A manticore (Shoals:4)
  12 fauns
  5 merfolk sirens
  A moth of wrath (Snake:3)
  An apocalypse crab (Zig:6)
  4 guardian serpents
  10 naga magi
  21 black mambas
  5 ice statues
  2 torpor snails (Lair:1)
  A water nymph (Shoals:1)
  2 molten gargoyles (Lair:5)
  A gargoyle (D:14)
  7 vault sentinels
  A cane toad (Lair:3)
  6 komodo dragons
  3 hellions
  2 rime drakes (Zig:22)
  An ancient zyme (Zig:9)
  2 tengu conjurers
  A tormentor (Zig:11)
  An efreet (D:15)
  5 yaktaurs
  4 guardian mummies
  3 red devils
  A troll (shapeshifter) (Vaults:5)
  4 trolls (Orc:2)
  A silent spectre (Zig:25)
  2 saltlings (Desolation)
  3 hornets
  6 blink frogs
  A wind drake (Shoals:4)
  12 merfolk
  A tyrant leech (Zig:19)
  5 snapping turtles
  A fire giant simulacrum (Vaults:5)
  7 slime creatures (IceCv)
  A spectral black mamba (Lair:3)
  2 spriggans (Depths:1)
  4 fire elementals (Elf:2)
  5 water elementals
  A slime creature (shapeshifter) (Elf:1)
  6 yaks
  A ynoxinul (Zig:14)
  4 basilisks
  6 ushabtiu (Zig:20)
  A steam dragon (Lair:5)
  A warg (Zig:26)
  A vampire mosquito (Zig:14)
  2 death yak simulacra (Lair:3)
  A redback (Vaults:3)
  A chaos spawn (Zig:6)
  A glowing shapeshifter zombie (Vaults:5)
  28 nagas
  2 water moccasins (Lair:2)
  2 hell hounds (Lair:5)
  6 orc warriors
  A wolf (Lair:3)
  10 ogres
  A centaur (D:13)
  3 slime creature simulacra (IceCv)
  A human zombie (Vaults:4)
  2 bullfrogs
  4 earth elementals
  2 glowing shapeshifter simulacra (IceCv)
  A dream sheep simulacrum (Lair:3)
  3 jellies (Lair:4)
  2 orc priests
  2 orc wizards
  3 hell rats (Zig:19)
  7 mummies
  7 orcs
  An endoplasm (Lair:4)
  A fire vortex (Zig:14)
835 creatures vanquished.

Vanquished Creatures (others)
  A deep elf master archer (Elf:3)
  8 eldritch tentacles
  A draconian knight (Zig:24)
  An eleionoma (Zig:19)
  A blizzard demon (Zig:12)
  A salamander tyrant (Zig:13)
  An alligator (Zig:4)
  4 deep elf knights
  An iron troll (Orc:2)
  A harpy (Shoals:1)
  A deep elf pyromancer (Elf:1)
  An ugly thing (Vaults:3)
  A merfolk siren (Shoals:4)
  A komodo dragon (Lair:5)
  A wind drake (Shoals:4)
  A snapping turtle (Shoals:2)
  A slime creature (IceCv)
  A water elemental (Elf:2)
  A naga (Snake:1)
  A hell hound (Zig:25)
  245 fire vortices
  4 foxfires
  2 starspawn tentacles (Zig:9)
  16 tentacles (Shoals:4)
297 creatures vanquished.

Grand Total: 3263 creatures vanquished

Notes
Turn   | Place    | Note
-------+----------+-------------------------------------------
     0 | D:1      | zen1337 the Demonspawn Conjurer began the quest for the
                  | Orb.
     0 | D:1      | Reached XP level 1. HP: 13/13 MP: 3/3
   372 | D:1      | Gained mutation: Your demonic aura sometimes causes spilled
                  | blood to erupt in flames. [demonic ancestry]
   372 | D:1      | Reached XP level 2. HP: 18/19 MP: 5/5
   375 | D:1      | Learned a level 2 spell: Searing Ray
  1013 | D:2      | Gained mutation: You have an unusually large brain. (Int
                  | +2) [demonic ancestry]
  1013 | D:2      | Reached XP level 3. HP: 18/24 MP: 3/7
  1613 | D:2      | Found a runed translucent door.
  1618 | D:2      | Noticed Crazy Yiuf
  1626 | D:2      | Killed Crazy Yiuf
  1627 | D:2      | Gained mutation: You have sharp fingernails. [demonic
                  | ancestry]
  1627 | D:2      | Reached XP level 4. HP: 24/30 MP: 1/10
  2382 | D:3      | Reached skill level 1 in Fighting
  3037 | D:4      | Gained mutation: You regenerate a little health from kills.
                  | [demonic ancestry]
  3037 | D:4      | Reached XP level 5. HP: 38/38 MP: 8/11
  3391 | D:4      | Found a broken altar of Ashenzari.
  3818 | D:4      | Reached skill level 5 in Spellcasting
  3862 | D:4      | Gained mutation: Your demonic aura often causes spilled
                  | blood to erupt in flames. [demonic ancestry]
  3862 | D:4      | Reached XP level 6. HP: 41/44 MP: 2/14
  4028 | D:5      | Entered Level 5 of the Dungeon
  4070 | D:5      | Found a transporter.
  4074 | D:5      | Found a transporter.
  4074 | D:5      | Noticed Killerpretzel's ghost (novice OpSh)
  4077 | D:5      | Noticed a two-headed ogre
  4199 | D:5      | Identified the +9 mace of Terra Nullius {flame, MP+9}
  4447 | D:5      | Found a sacrificial altar of Ru.
  4467 | D:5      | Reached skill level 5 in Conjurations
  4467 | D:5      | Gained mutation: You regenerate health from kills. [demonic
                  | ancestry]
  4467 | D:5      | Reached XP level 7. HP: 50/50 MP: 16/16
  5063 | D:5      | Found a shimmering blue altar of Sif Muna.
  5319 | D:6      | Found a staircase to the Ecumenical Temple.
  5330 | Temple   | Entered the Ecumenical Temple
  5336 | Temple   | Became a worshipper of Vehumet
  5384 | D:6      | Noticed Pikel
  5392 | D:6      | Killed Pikel
  5393 | D:6      | Gained mutation: You have an extremely huge brain. (Int +4)
                  | [demonic ancestry]
  5393 | D:6      | Reached XP level 8. HP: 56/56 MP: 17/17
  5486 | D:6      | Learned a level 4 spell: Iskenderun's Mystic Blast
  5492 | D:6      | Learned a level 5 spell: Iskenderun's Battlesphere
  5974 | D:7      | Found a sand-covered staircase.
  5984 | Ossuary  | Entered an ossuary
  6164 | Ossuary  | Reached * piety under Vehumet
  6164 | Ossuary  | Offered knowledge of Sandblast by Vehumet.
  6434 | D:7      | Found a basalt altar of Yredelemnul.
  6455 | D:7      | Reached skill level 10 in Conjurations
  6560 | D:7      | Found Qoikh's Armour Shop.
  6569 | D:7      | Bought a +3 leather armour of cold resistance for 336 gold
                  | pieces
  6578 | D:7      | Gained mutation: You regenerate a lot of health from kills.
                  | [demonic ancestry]
  6578 | D:7      | Reached XP level 9. HP: 61/61 MP: 18/18
  6776 | D:7      | Noticed Joseph
  6815 | D:7      | Killed Joseph
  6815 | D:7      | Offered knowledge of Kiss of Death by Vehumet.
  6924 | D:7      | Reached ** piety under Vehumet
  7235 | D:8      | Noticed a +0 hand axe
  7247 | D:8      | Noticed a +0 hand axe
  7628 | D:8      | Found a hide-covered altar of Uskayaw.
  7685 | D:8      | Noticed Erica
  7689 | D:8      | Killed Erica
  8354 | D:9      | Reached XP level 10. HP: 67/67 MP: 19/19
  8456 | D:9      | Offered knowledge of Scorch by Vehumet.
  8575 | D:9      | Found a staircase to the Lair.
  8640 | D:9      | Learned a level 7 spell: Orb of Destruction
  8830 | D:9      | Noticed a deep elf pyromancer
  8832 | D:9      | Killed a deep elf pyromancer
  9088 | D:9      | Reached *** piety under Vehumet
  9277 | D:9      | Reached skill level 15 in Conjurations
  9280 | D:9      | Noticed a rust devil
  9373 | D:10     | Entered Level 10 of the Dungeon
  9398 | D:10     | Noticed Maurice
  9401 | D:10     | Killed Maurice
  9446 | D:10     | Identified a scroll of acquirement
  9455 | D:10     | Found a staircase to the Orcish Mines.
  9509 | D:10     | Reached XP level 11. HP: 72/72 MP: 17/22
  9590 | D:10     | Offered knowledge of Inner Flame by Vehumet.
  9699 | D:10     | Found a shadowy altar of Dithmenos.
  9856 | D:10     | Learned a level 7 spell: Spellforged Servitor
  9857 | Orc:1    | Entered Level 1 of the Orcish Mines
  9866 | Orc:1    | Reached **** piety under Vehumet
 10047 | Orc:1    | Found Liliops's General Store.
 10078 | Orc:1    | Reached skill level 1 in Summonings
 10078 | Orc:1    | Noticed an orc warlord
 10086 | Orc:1    | Killed an orc warlord
 10086 | Orc:1    | Offered knowledge of Lee's Rapid Deconstruction by Vehumet.
 10087 | Orc:1    | Reached skill level 3 in Summonings
 10091 | Orc:1    | Noticed an orc sorcerer
 10098 | Orc:1    | Killed an orc sorcerer
 10099 | Orc:1    | Reached skill level 4 in Summonings
 10169 | Orc:1    | Reached skill level 5 in Summonings
 10340 | Orc:2    | Entered Level 2 of the Orcish Mines
 10542 | Orc:2    | Reached skill level 6 in Summonings
 10547 | Orc:2    | Noticed a two-headed ogre
 10551 | Orc:2    | Noticed a two-headed ogre
 10660 | Orc:2    | Killed a two-headed ogre
 10661 | Orc:2    | Reached skill level 7 in Summonings
 10673 | Orc:2    | Noticed a deep troll
 10673 | Orc:2    | Noticed a two-headed ogre
 10675 | Orc:2    | Noticed a two-headed ogre
 10675 | Orc:2    | Noticed a two-headed ogre
 10676 | Orc:2    | Killed a two-headed ogre
 10681 | Orc:2    | Killed a deep troll
 10681 | Orc:2    | Reached ***** piety under Vehumet
 10681 | Orc:2    | Killed a two-headed ogre
 10682 | Orc:2    | Reached skill level 10 in Spellcasting
 10682 | Orc:2    | Reached XP level 12. HP: 78/78 MP: 7/26
 10799 | Orc:2    | Noticed a two-headed ogre
 10800 | Orc:2    | Noticed an ogre mage
 10800 | Orc:2    | Noticed a two-headed ogre
 10801 | Orc:2    | Killed a two-headed ogre
 10804 | Orc:2    | Killed a two-headed ogre
 10910 | Orc:2    | Killed a two-headed ogre
 10915 | Orc:2    | Offered knowledge of Freezing Cloud by Vehumet.
 10919 | Orc:2    | Paralysed by an ogre mage for 4 turns
 10931 | Orc:1    | Killed a two-headed ogre
 11082 | Orc:2    | Killed an ogre mage
 11203 | Orc:2    | Noticed a two-headed ogre
 11208 | Orc:2    | Killed a two-headed ogre
 11232 | Orc:2    | Noticed an ogre mage
 11241 | Orc:2    | Killed an ogre mage
 11299 | Orc:2    | Found a staircase to the Elven Halls.
 11317 | Orc:2    | Found Hongen's Magic Scroll Shoppe.
 11336 | Orc:2    | Found Lasau's Armour Shop.
 11349 | Orc:2    | Reached skill level 5 in Fighting
 11359 | Orc:2    | Found Donkat's Antique Armour Emporium.
 11360 | Orc:2    | Found Sipn's Assorted Antiques.
 11388 | Orc:2    | Bought a pair of crude boots for 266 gold pieces
 11388 | Orc:2    | Identified the +0 pair of boots of Twilight {+Inv rPois rF-
                  | Dex+5} (You bought it in a shop on level 2 of the Orcish
                  | Mines)
 11388 | Orc:2    | Bought a heavily runed helmet for 266 gold pieces
 11388 | Orc:2    | Identified the +1 helmet of Ushrit {rC+} (You bought it in
                  | a shop on level 2 of the Orcish Mines)
 11635 | Orc:2    | Bought a crude tower shield for 266 gold pieces
 11635 | Orc:2    | Identified the +10 tower shield "Toagisi" {Will- rCorr
                  | Dex+4} (You bought it in a shop on level 2 of the Orcish
                  | Mines)
 11751 | Lair:1   | Entered Level 1 of the Lair of Beasts
 12157 | Lair:1   | Found a snail-covered altar of Cheibriados.
 12179 | Lair:1   | Gained mutation: You have an absolutely massive brain. (Int
                  | +6, Wiz) [demonic ancestry]
 12179 | Lair:1   | Reached XP level 13. HP: 96/96 MP: 12/29
 13200 | Lair:2   | Reached skill level 1 in Shields
 13724 | Lair:2   | Offered knowledge of Ignite Poison by Vehumet.
 13730 | Lair:2   | Learned a level 4 spell: Ignite Poison
 13735 | Lair:2   | Learned a level 4 spell: Olgreb's Toxic Radiance
 13735 | Lair:2   | Acquired the orb of Uskayaw {guile, rF+ Alchemy}
 13774 | Lair:2   | Found a staircase to the Shoals.
 14157 | Lair:3   | Reached skill level 5 in Shields
 14352 | Lair:3   | Found a runed translucent gate.
 14352 | Lair:3   | Found a runed translucent gate.
 14352 | Lair:3   | Found a runed translucent gate.
 14471 | Lair:3   | Noticed kober's ghost (journeyman DEIE)
 14802 | Lair:3   | Killed kober's ghost
 14987 | Lair:3   | Noticed Gastronok
 15007 | Lair:3   | Killed Gastronok
 15568 | Lair:3   | Found a staircase to the Snake Pit.
 16198 | Lair:4   | Reached XP level 14. HP: 108/108 MP: 28/30
 16409 | Lair:4   | Found a staircase to the Slime Pits.
 16873 | Lair:5   | Entered Level 5 of the Lair of Beasts
 16873 | Lair:5   | Found a frozen archway.
 16916 | IceCv    | Entered an ice cave
 17438 | IceCv    | Noticed a quicksilver ooze
 17441 | IceCv    | Killed a quicksilver ooze
 17461 | IceCv    | Noticed a quicksilver ooze
 17486 | IceCv    | Killed a quicksilver ooze
 17487 | IceCv    | Reached skill level 5 in Stealth
 17726 | IceCv    | Noticed a quicksilver ooze
 17730 | IceCv    | Killed a quicksilver ooze
 17770 | IceCv    | Noticed an azure jelly
 17774 | IceCv    | Killed an azure jelly
 17798 | IceCv    | Found a viscous altar of Jiyva.
 17817 | IceCv    | Got the ring "Laschogg" {rC+ Int+2}
 18351 | Lair:5   | Offered knowledge of Starburst by Vehumet.
 19142 | Lair:5   | Found a large runed translucent door.
 19143 | Lair:5   | Found a large runed translucent door.
 19666 | Elf:1    | Entered Level 1 of the Elven Halls
 19851 | Elf:1    | Found a transporter.
 19851 | Elf:1    | Found a transporter.
 19857 | Elf:1    | Found a bloodstained altar of Trog.
 19872 | Elf:1    | Noticed a deep elf blademaster
 19872 | Elf:1    | Noticed a deep elf blademaster
 19872 | Elf:1    | Noticed riffraff's ghost (adept MiBe)
 19872 | Elf:1    | Noticed a deep elf blademaster
 19978 | Elf:1    | Found Ycwytepao's Book Shop.
 20004 | Elf:1    | Gained mutation: You have very sharp fingernails. [demonic
                  | ancestry]
 20004 | Elf:1    | Reached XP level 15. HP: 113/113 MP: 32/32
 20084 | Elf:1    | Noticed Norris
 20115 | Elf:1    | Offered knowledge of Yara's Violent Unravelling by Vehumet.
 20122 | Elf:1    | Killed Norris
 20295 | Elf:1    | Got the Spellbook of Power
 20446 | Elf:1    | Reached skill level 15 in Spellcasting
 20608 | Elf:1    | Got the Opusculum on Last Rites
 21122 | Elf:2    | Noticed a deep elf sorcerer
 21227 | Elf:2    | Reached skill level 1 in Fire Magic
 21264 | Elf:2    | Found Xerun's General Store.
 21630 | Elf:2    | Reached skill level 5 in Fire Magic
 21856 | Elf:2    | Found a runed translucent gate.
 21857 | Elf:2    | Found a runed translucent gate.
 21857 | Elf:2    | Found a runed translucent gate.
 21900 | Elf:2    | Noticed a deep elf blademaster
 21912 | Elf:2    | Killed a deep elf blademaster
 22033 | Elf:2    | Killed a deep elf sorcerer
 22034 | Elf:2    | Reached XP level 16. HP: 84/120 MP: 35/35
 22221 | Elf:2    | Noticed Agnes
 22225 | Elf:2    | Killed Agnes
 22293 | Elf:2    | Noticed Louise
 22298 | Elf:2    | Killed Louise
 22590 | Elf:3    | Entered Level 3 of the Elven Halls
 22681 | Elf:3    | Found Qyso's Book Shoppe.
 22781 | Elf:3    | Reached skill level 10 in Fire Magic
 22802 | Elf:3    | Learned a level 8 spell: Ignition
 22931 | Elf:3    | Noticed a deep elf blademaster
 22938 | Elf:3    | Killed a deep elf blademaster
 23415 | Elf:3    | Found Sukoallyko's General Store.
 23418 | Elf:3    | Found Ydoc's Weapon Shoppe.
 23418 | Elf:3    | Found Lyosurghi's Jewellery Emporium.
 23423 | Elf:3    | Found Gomm's Armour Emporium.
 23436 | Elf:3    | Bought the +2 helmet "Moefrad" {rC+ Will++} for 807 gold
                  | pieces
 23549 | Elf:3    | Noticed a deep elf blademaster
 23564 | Elf:3    | Killed a deep elf blademaster
 23950 | Elf:3    | Noticed a Tzitzimitl
 23980 | Elf:3    | Noticed a deep elf master archer
 23991 | Elf:3    | Killed a deep elf master archer
 24043 | Elf:3    | Identified the +6 glaive of Impatience {antimagic, rPois
                  | rCorr}
 24245 | Elf:3    | Identified the +12 quarterstaff of Wu Jian's Displeasure
                  | {heavy, rF+ rC+ Will+ Str-2}
 24370 | Elf:3    | Found a shimmering blue altar of Sif Muna.
 24586 | Elf:3    | Acquired 747 gold pieces
 24658 | Elf:3    | Noticed a deep elf blademaster
 24689 | Elf:3    | Killed a deep elf blademaster
 24728 | Elf:3    | Bought the +1 troll leather armour of Minor Irritation {rN+
                  | Regen+} for 592 gold pieces
 24747 | Elf:3    | Bought a ring of see invisible for 300 gold pieces
 24754 | Elf:3    | Identified the +6 quarterstaff of a treasure trove {flame,
                  | *Corrode rPois Will+++ Dex-5}
 25004 | Shoals:1 | Entered Level 1 of the Shoals
 25072 | Shoals:1 | Noticed Donald
 25078 | Shoals:1 | Killed Donald
 25078 | Shoals:1 | Reached ****** piety under Vehumet
 25130 | Shoals:1 | Reached XP level 17. HP: 126/126 MP: 31/36
 25174 | Shoals:1 | Offered knowledge of Plasma Beam by Vehumet.
 25321 | Shoals:1 | Found Lucas's Weapon Boutique.
 25804 | Shoals:2 | Noticed Polyphemus
 25815 | Shoals:2 | Killed Polyphemus
 26505 | Shoals:3 | Offered knowledge of Ozocubu's Refrigeration by Vehumet.
 26913 | Shoals:4 | Entered Level 4 of the Shoals
 26954 | Shoals:4 | Noticed a kraken
 26954 | Shoals:4 | Noticed a kraken
 26954 | Shoals:4 | Noticed a kraken
 26954 | Shoals:4 | Noticed a kraken
 27238 | Shoals:4 | Identified the +3 quarterstaff "Seeranes" {vamp, rElec rC++
                  | rCorr Dex-5}
 27268 | Shoals:4 | Noticed Ilsuiw
 27285 | Shoals:4 | Killed Ilsuiw
 27807 | Shoals:4 | Offered knowledge of Eringya's Noxious Bog by Vehumet.
 27811 | Shoals:4 | Got a barnacled rune of Zot
 27854 | Shoals:4 | Got the Encyclopedia of the Dynamic Elixir
 27878 | Shoals:4 | Identified the +3 leather armour of Tietwyam {Dex+2 Slay+2}
 27891 | Shoals:4 | Reached skill level 10 in Shields
 27983 | Shoals:4 | Killed a kraken
 27984 | Shoals:4 | Reached XP level 18. HP: 130/132 MP: 13/40
 28361 | D:11     | Found Emowky's Book Shop.
 28687 | D:11     | Noticed Amaemon
 28696 | D:11     | Killed Amaemon
 29709 | D:12     | Found an opulent altar of Gozag.
 29808 | D:13     | Offered knowledge of Shatter by Vehumet.
 29808 | D:13     | Offered knowledge of Chain Lightning by Vehumet.
 29808 | D:13     | Offered knowledge of Polar Vortex by Vehumet.
 29905 | D:13     | Found a transporter.
 29907 | D:13     | Noticed Cruel's ghost (novice FoWn)
 29909 | D:13     | Found a transporter.
 30995 | D:13     | Killed Cruel's ghost
 31022 | D:13     | Identified the ring "Toloc" {Ice ^Contam Will+ Int+3}
 31052 | D:14     | Noticed Snorg
 31063 | D:14     | Killed Snorg
 31124 | D:14     | Noticed Nessos
 31129 | D:14     | Killed Nessos
 31130 | D:14     | Reached skill level 1 in Necromancy
 31218 | D:14     | Noticed Rupert
 31227 | D:14     | Killed Rupert
 31313 | D:14     | Noticed Roxanne
 31321 | D:14     | Killed Roxanne
 31532 | D:14     | Found a gate to the Vaults.
 31588 | D:14     | Reached skill level 5 in Necromancy
 31977 | Vaults:1 | Entered Level 1 of the Vaults
 32057 | Vaults:1 | Reached skill level 8 in Summonings
 32528 | Vaults:1 | Reached skill level 9 in Summonings
 33392 | Vaults:1 | Identified the +0 helmet "Hiadiwiust" {^Contam rC+ Str+3}
 33583 | Vaults:2 | Found Waigh's Armour Shoppe.
 33639 | Vaults:2 | Reached skill level 10 in Summonings
 33725 | Vaults:2 | Found a crumbling gateway.
 33792 | Desolati | Entered the Desolation of Salt
 33801 | Desolati | Reached XP level 19. HP: 102/138 MP: 29/41
 33806 | Desolati | Reached skill level 11 in Summonings
 33919 | Desolati | Identified the ring "Zum Tarch" {Wiz rC++ Slay+3}
 34005 | Desolati | Identified the +1 acid dragon scales of Hamaych {rCorr
                  | Str+8}
 34085 | Desolati | Got Sif Muna's Compilation of Oxidation and Points
 34295 | Desolati | Reached skill level 12 in Summonings
 34300 | Desolati | Got Sif Muna's Vellum of Nephomancy and the Crater
 34834 | Desolati | Identified the +3 whip of Reapportionment {flame, Will+
                  | Str+3 Dex+2}
 34837 | Desolati | Identified the +3 long sword "Aruf" {freeze, rElec rN++
                  | Str+3 Dex-4}
 34858 | Desolati | Got the Quarto of Pessimism
 35241 | Desolati | Reached skill level 13 in Summonings
 35641 | Vaults:2 | Reached skill level 14 in Summonings
 36179 | Vaults:2 | Found a staircase to the Crypt.
 36179 | Vaults:2 | Found a basalt altar of Yredelemnul.
 36180 | Vaults:2 | Found an ancient bone altar of Kikubaaqudgha.
 36856 | Vaults:3 | Reached skill level 15 in Summonings
 37037 | Vaults:3 | Noticed a hellephant
 37039 | Vaults:3 | Noticed Margery
 37051 | Vaults:3 | Killed Margery
 37066 | Vaults:3 | Killed a hellephant
 37210 | Vaults:3 | Noticed Zenata
 37217 | Vaults:3 | Killed Zenata
 37218 | Vaults:3 | Reached skill level 16 in Summonings
 37496 | Vaults:3 | Gained mutation: You have claws for hands. [demonic
                  | ancestry]
 37496 | Vaults:3 | Reached XP level 20. HP: 145/145 MP: 42/42
 37862 | Vaults:3 | Reached skill level 17 in Summonings
 38197 | Vaults:3 | Found Nelypeh's Book Boutique.
 38209 | Vaults:3 | Bought a book of the Dragon for 924 gold pieces
 38217 | Vaults:3 | Learned a level 7 spell: Malign Gateway
 38229 | Vaults:3 | Learned a level 9 spell: Dragon's Call
 38528 | Vaults:3 | Noticed Saint Roka
 38647 | Vaults:3 | Killed Saint Roka
 38785 | Vaults:4 | Identified the ring of Ximatherph {^Contam rC+ Str+3 Int+2
                  | Dex+3}
 38820 | Vaults:4 | Reached skill level 18 in Summonings
 38826 | Vaults:4 | Noticed Bai Suzhen
 38861 | Vaults:4 | Killed Bai Suzhen
 39386 | Vaults:4 | Reached skill level 19 in Summonings
 39474 | Vaults:4 | Identified the ring of Haisch {^Drain rPois rCorr EV+5
                  | Int-4}
 39692 | Vaults:4 | HP: 4/145 [yaktaur captain/bolt (35)]
 40307 | Vaults:5 | Entered Level 5 of the Vaults
 40315 | Vaults:5 | Reached skill level 20 in Summonings
 40325 | Vaults:5 | Gained mutation: Your demonic aura causes all spilled blood
                  | to erupt in flames. [demonic ancestry]
 40325 | Vaults:5 | Reached XP level 21. HP: 140/150 MP: 43/43
 40336 | Vaults:5 | Reached skill level 21 in Summonings
 40344 | Vaults:5 | Noticed an ancient lich
 40348 | Vaults:5 | Killed an ancient lich
 40356 | Vaults:5 | Reached skill level 22 in Summonings
 40357 | Vaults:5 | Noticed a dread lich
 40359 | Vaults:5 | Killed a dread lich
 40379 | Vaults:5 | Noticed a golden dragon
 40545 | Vaults:5 | Identified the amulet of Jifoi {Faith Will+ Slay+2}
 40728 | Vaults:5 | Killed a golden dragon
 40960 | Vaults:5 | Noticed a dread lich
 41156 | Vaults:5 | Killed a dread lich
 41242 | Vaults:5 | Noticed a golden dragon
 41247 | Vaults:5 | Killed a golden dragon
 41467 | Vaults:5 | Found the +2 cloak of the Thief {*Fog Slay-2 SInv Stlth+}
 41527 | Vaults:5 | Identified the +8 mace of Vyran {protect, rElec rPois rCorr
                  | Int-3}
 41528 | Vaults:5 | Identified the +9 orcbow of Abomination {flame, Str+3
                  | Stlth+}
 41708 | Vaults:5 | Identified the +3 scale mail of Neemn {rCorr}
 41727 | Vaults:5 | Identified the +1 leather armour "Qaitevau" {Regen+}
 41856 | Vaults:5 | Got a silver rune of Zot
 42671 | Snake:1  | Entered Level 1 of the Snake Pit
 42770 | Snake:1  | Reached XP level 22. HP: 126/157 MP: 33/45
 42773 | Snake:1  | Identified the serpent talisman of the Guardian {Int+8
                  | Stlth-}
 42773 | Snake:1  | Noticed Aizul
 42815 | Snake:1  | Killed Aizul
 43035 | Snake:1  | Noticed Kirke
 43040 | Snake:1  | Killed Kirke
 43603 | Snake:2  | Found Keadujo's Jewellery Shoppe.
 44930 | Snake:3  | Noticed Nikola
 45039 | Snake:3  | Killed Nikola
 45250 | Snake:3  | Noticed Vashnia
 45269 | Snake:3  | Killed Vashnia
 45491 | Snake:3  | Found a transporter.
 45491 | Snake:3  | Noticed riffraff's ghost (adept MiBe)
 45515 | Snake:3  | Found the +3 warlock's mirror {omnireflect}
 45564 | Snake:3  | Found a transporter.
 45831 | Snake:3  | Reached skill level 15 in Fire Magic
 45841 | Snake:3  | Killed riffraff's ghost
 45882 | Snake:3  | Identified the ring "Metuixeb" {Fly MP+9 Int+6 Dex-3}
 45941 | Snake:4  | Entered Level 4 of the Snake Pit
 46540 | Snake:4  | Noticed Mara
 46578 | Snake:4  | Killed Mara
 47366 | Snake:4  | Got a serpentine rune of Zot
 48013 | Vaults:2 | Bought a +2 robe of fire resistance for 336 gold pieces
 48267 | D:15     | Entered Level 15 of the Dungeon
 48309 | D:15     | Found Acrepsaq's CLEARANCE SALE!.
 48414 | D:15     | Found Jemoczi Ecio's Magic Scroll Boutique.
 48421 | D:15     | Bought a scroll of enchant armour for 90 gold pieces
 48777 | D:15     | Found a staircase to the Depths.
 49042 | Depths:1 | Entered Level 1 of the Depths
 49194 | Depths:1 | Found a gateway to Hell.
 49205 | Depths:1 | Gained mutation: Your hexes are more powerful. [demonic
                  | ancestry]
 49205 | Depths:1 | Reached XP level 23. HP: 163/163 MP: 28/46
 49463 | Depths:1 | Found a one-way gateway to a ziggurat.
 50150 | Depths:1 | Noticed a caustic shrike
 50156 | Depths:1 | Killed a caustic shrike
 50249 | Depths:1 | HP: 3/133 [shadow dragon/bolt of negative energy (59)]
 50696 | Depths:1 | Found a one-way gate to the infinite horrors of the Abyss.
 50840 | Depths:1 | Learned a level 9 spell: Fire Storm
 51278 | Zig:1    | Entered Level 1 of a ziggurat
 51303 | Zig:2    | Entered Level 2 of a ziggurat
 51342 | Zig:3    | Entered Level 3 of a ziggurat
 51426 | Zig:3    | Identified the +6 hand axe of Nemelex Xobeh's Pride
                  | {freeze, *Slow Will+ Str+6}
 51435 | Zig:4    | Entered Level 4 of a ziggurat
 51606 | Zig:4    | Identified the +7 rapier "Jeul Nimeak" {speed, Int+5}
 51638 | Zig:5    | Entered Level 5 of a ziggurat
 51673 | Zig:5    | Identified the +1 battleaxe "Puherais" {venom, rF- rN+
                  | Int+3 Dex+9}
 51691 | Zig:6    | Entered Level 6 of a ziggurat
 51695 | Zig:6    | Noticed a Killer Klown
 51703 | Zig:6    | Killed a Killer Klown
 51714 | Zig:6    | Got Sif Muna's Grimoire of the Mob
 51792 | Zig:7    | Entered Level 7 of a ziggurat
 51895 | Zig:8    | Entered Level 8 of a ziggurat
 51995 | Zig:8    | Reached XP level 24. HP: 169/169 MP: 46/46
 52002 | Zig:9    | Entered Level 9 of a ziggurat
 52007 | Zig:9    | Noticed an ancient lich
 52010 | Zig:9    | Killed an ancient lich
 52027 | Zig:9    | Found the +2 shield of Resistance {rF++ rC++ Will++}
 52094 | Zig:9    | Identified the staff of Chagrin {rPois Str+2 Dex+2 Summ
                  | Earth}
 52197 | Zig:10   | Entered Level 10 of a ziggurat
 52205 | Zig:10   | Noticed a royal mummy
 52209 | Zig:10   | Killed a royal mummy
 52213 | Zig:10   | Reached skill level 10 in Necromancy
 52270 | Zig:10   | Identified the ring of the Tsukumogami {rPois rN++ Will-
                  | Int+2 Dex+6}
 52298 | Zig:10   | Got Dispater's Compendium of Destruction and Generation
 52316 | Zig:11   | Entered Level 11 of a ziggurat
 52322 | Zig:11   | Noticed Qumuob the pandemonium lord
 52324 | Zig:11   | Noticed a Killer Klown
 52324 | Zig:11   | Noticed Uhoasacu the pandemonium lord
 52326 | Zig:11   | Noticed a Killer Klown
 52326 | Zig:11   | Noticed a Killer Klown
 52328 | Zig:11   | Killed Uhoasacu the pandemonium lord
 52328 | Zig:11   | Killed a Killer Klown
 52328 | Zig:11   | Killed a Killer Klown
 52329 | Zig:11   | Killed Qumuob the pandemonium lord
 52330 | Zig:11   | Killed a Killer Klown
 52407 | Zig:11   | Identified the +4 dagger of Destiny {venom, rElec Str+2}
 52422 | Zig:11   | Identified the +0 halberd of Lyntomuq {flame, ^Contam rPois
                  | Dex+4 SInv}
 52448 | Zig:11   | Learned a level 8 spell: Borgnjor's Revivification
 52449 | Zig:12   | Entered Level 12 of a ziggurat
 52455 | Zig:12   | Noticed a shard shrike
 52455 | Zig:12   | Noticed a shard shrike
 52457 | Zig:12   | Killed a shard shrike
 52457 | Zig:12   | Killed a shard shrike
 52458 | Zig:12   | Gained mutation: Your melee attacks may debilitate your
                  | foes. [demonic ancestry]
 52458 | Zig:12   | Reached XP level 25. HP: 175/175 MP: 43/46
 52458 | Zig:12   | Noticed a shard shrike
 52461 | Zig:12   | Killed a shard shrike
 52538 | Zig:12   | Got the Elucidation of Familiar Skeletons
 52551 | Zig:12   | Identified the +1 leather armour of Happiness {rCorr}
 52569 | Zig:12   | Reached XP level 26. HP: 182/182 MP: 46/46
 52575 | Zig:13   | Entered Level 13 of a ziggurat
 52613 | Zig:13   | Reached skill level 15 in Necromancy
 52668 | Zig:13   | Got the Monograph on the Algid Morgue
 52674 | Zig:13   | Identified the +1 arbalest "Enkienash" {speed, Str+4 Dex+4
                  | SInv Stlth-}
 52695 | Zig:14   | Entered Level 14 of a ziggurat
 52772 | Zig:14   | Identified the +0 ring mail "Miraq" {rF+ Stlth+}
 52798 | Zig:14   | Identified the staff of the Bespelled God {rPois Str+2
                  | Hexes Alchemy}
 52801 | Zig:14   | Got the Guide on Arctic Correspondence
 52823 | Zig:15   | Entered Level 15 of a ziggurat
 52851 | Zig:15   | Found the +3 pair of mountain boots {steadfast, rC+}
 52921 | Zig:15   | Identified the ring "Asev" {rF+ Will+ Int+5 SInv}
 52927 | Zig:15   | Identified the amulet of Atheism {Faith rF+ Slay+2}
 52993 | Zig:15   | Identified the +4 flail "Jedeq" {flame, Dex+2}
 53002 | Zig:15   | Gained mutation: You expend magic power (3 MP) to
                  | strengthen your wands. [potion of mutation]
 53003 | Zig:15   | Lost mutation: You expend magic power (3 MP) to strengthen
                  | your wands. [potion of mutation]
 53003 | Zig:15   | Gained mutation: You have a pair of small horns on your
                  | head. [potion of mutation]
 53003 | Zig:15   | Gained mutation: You are agile. (Dex +4, Str/Int -1)
                  | [potion of mutation]
 53003 | Zig:15   | Gained mutation: You sometimes lose your temper in combat.
                  | [potion of mutation]
 53003 | Zig:15   | Gained mutation: Your flesh is cold resistant. (rC+)
                  | [potion of mutation]
 53004 | Zig:15   | Lost mutation: You are agile. (Dex +4, Str/Int -1) [potion
                  | of mutation]
 53004 | Zig:15   | Lost mutation: You have a pair of small horns on your head.
                  | [potion of mutation]
 53004 | Zig:15   | Gained mutation: You have hidden genetic potential. [potion
                  | of mutation]
 53004 | Zig:15   | Gained mutation: You passively map a small area around you.
                  | [potion of mutation]
 53004 | Zig:15   | Gained mutation: You are resistant to electric shocks.
                  | (rElec) [potion of mutation]
 53038 | Zig:16   | Entered Level 16 of a ziggurat
 53063 | Zig:16   | Found the +11 plutonium sword {^Contam Stlth-}
 53066 | Zig:17   | Entered Level 17 of a ziggurat
 53083 | Zig:17   | Noticed an ancient lich
 53084 | Zig:17   | Found the +5 moon troll leather armour {Spirit, Regen++
                  | MP+5}
 53089 | Zig:17   | Killed an ancient lich
 53169 | Zig:17   | Identified the +5 plate armour of Kujuteif {Str+3 Dex+4}
 53177 | Zig:17   | Identified the ring of the Demon Prince {Will+ Str+7 Int-2}
 53178 | Zig:17   | Identified the amulet "Xarred" {Regen+ rCorr Slay+3}
 53196 | Zig:17   | Identified the +2 pair of gloves "Fumuppoe" {Dex+3}
 53264 | Zig:18   | Entered Level 18 of a ziggurat
 53380 | Zig:18   | Identified the ring "Donn" {rF+ rN+ Will+ Str+6}
 53392 | Zig:18   | Identified the +4 broad axe of the Original Sin {freeze,
                  | rPois Str+5 Dex-2}
 53396 | Zig:18   | Identified the staff "Fiowoschu" {Str+2 Earth}
 53400 | Zig:18   | Identified the +3 halberd of Fiol {elec, *Rage *Corrode
                  | rN+++ Will+}
 53411 | Zig:18   | Gained mutation: You are surrounded by an aura of silence.
                  | [demonic ancestry]
 53411 | Zig:18   | Reached XP level 27. HP: 177/177 MP: 48/48
 53492 | Zig:19   | Entered Level 19 of a ziggurat
 53528 | Zig:19   | Found the +18 Lear's hauberk
 53601 | Zig:19   | Identified the ring "Surun" {rPois Will+ Int+4}
 53608 | Zig:19   | Identified the +0 plate armour "Wyexzaic" {+Blink}
 53609 | Zig:19   | Identified the +5 arbalest "Roit" {heavy, *Slow +Blink SInv
                  | Stlth-}
 53633 | Zig:19   | Identified the amulet of Wyfireno {Acrobat rPois rC+ Str+2
                  | Stlth+}
 53664 | Zig:19   | Learned a level 8 spell: Lehudib's Crystal Spear
 53674 | Zig:19   | Learned a level 8 spell: Infestation
 53714 | Zig:20   | Entered Level 20 of a ziggurat
 53728 | Zig:20   | Noticed a royal mummy
 53731 | Zig:20   | Killed a royal mummy
 53732 | Zig:20   | Reached skill level 1 in Earth Magic
 53735 | Zig:20   | Noticed a royal mummy
 53737 | Zig:20   | Noticed a royal mummy
 53738 | Zig:20   | Killed a royal mummy
 53745 | Zig:20   | Reached skill level 10 in Fighting
 53746 | Zig:20   | Found the +4 skin of Zhor {*Englaciate rC+++ SInv}
 53751 | Zig:20   | Noticed a royal mummy
 53754 | Zig:20   | Killed a royal mummy
 53759 | Zig:20   | Killed a royal mummy
 53879 | Zig:20   | Identified the +3 leather armour of Solaj {rElec}
 53890 | Zig:20   | Identified the ring "Hiass" {Fly rN+ Will+}
 53927 | Zig:21   | Entered Level 21 of a ziggurat
 53958 | Zig:21   | Gained mutation: You have large cloven feet. [hidden
                  | potential]
 53985 | Zig:21   | Found the +3 salamander hide armour {Flames, rFlCloud rF++
                  | rC--}
 54074 | Zig:21   | Identified the ring of Likkade {rElec rC++ rCorr Str-3}
 54078 | Zig:21   | Identified the amulet "Qepiykog" {RegenMP rF+ Will+ Str-2
                  | Dex+2}
 54101 | Zig:21   | Identified the staff of Melee {rF+ MP+9 Fire Ice}
 54103 | Zig:21   | Identified the +6 plate armour "Quoqij" {+Inv rF+ Str+2}
 54118 | Zig:21   | Identified the +11 orcbow "Uvvus" {speed, Dex+2 SInv
                  | Stlth+}
 54121 | Zig:21   | Identified the +1 dagger of Bula {freeze, rC+ rCorr Stlth+}
 54128 | Zig:21   | Identified the +0 short sword "Toxkugh" {flame, rPois
                  | Int+2}
 54130 | Zig:21   | Identified the +10 sling of the Ancients {drain, Will+
                  | Str-5 Int+3 Dex+7 Stlth+}
 54137 | Zig:21   | Identified the amulet "Ydinge" {RegenMP rC+}
 54183 | Zig:22   | Entered Level 22 of a ziggurat
 54219 | Zig:22   | Reached skill level 15 in Shields
 54312 | Zig:22   | Identified the staff "Hellblazer" {rF+ rC+ Fire Earth}
 54325 | Zig:22   | Identified the +2 spear of Valiance {freeze, Int+3}
 54384 | Zig:23   | Entered Level 23 of a ziggurat
 54397 | Zig:23   | Noticed an ancient lich
 54402 | Zig:23   | Killed an ancient lich
 54409 | Zig:23   | Noticed an ancient lich
 54409 | Zig:23   | Noticed a dread lich
 54411 | Zig:23   | Killed an ancient lich
 54414 | Zig:23   | Noticed an ancient lich
 54415 | Zig:23   | Noticed an ancient lich
 54416 | Zig:23   | Killed a dread lich
 54418 | Zig:23   | Killed an ancient lich
 54419 | Zig:23   | Reached skill level 15 in Fighting
 54420 | Zig:23   | Killed an ancient lich
 54435 | Zig:23   | Found the +3 giant club "Skullcrusher" {speed, Str+7}
 54478 | Zig:23   | Identified the ring of Demons {rCorr Int+3 Dex+2 Stlth+}
 54489 | Zig:23   | Identified the +8 morningstar of the Doomed Warrior {speed,
                  | Int+2 Stlth+}
 54522 | Zig:23   | Identified the +2 falchion of Imest {speed, ^Fragile rElec
                  | rN+ Dex+5}
 54534 | Zig:23   | Identified the +4 demon trident of Valiance {venom, Int+5}
 54535 | Zig:23   | Identified the +4 falchion of Turmoil {elec, Str+5}
 54561 | Zig:23   | Reached skill level 23 in Summonings
 54651 | Zig:24   | Entered Level 24 of a ziggurat
 54678 | Zig:24   | Reached skill level 10 in Armour
 54692 | Zig:24   | Found the ring of the Octopus King
 54705 | Zig:24   | Lost mutation: You sometimes lose your temper in combat.
                  | [hidden potential]
 54705 | Zig:24   | Lost mutation: You have hidden genetic potential. [hidden
                  | potential expressed]
 54779 | Zig:24   | Identified the +6 quick blade "Zakifieko" {antimagic, rC+
                  | SInv}
 54780 | Zig:24   | Identified the +0 ring mail of Elogaphema {Stlth+}
 54793 | Zig:24   | Identified the ring "Jujuorei" {rC++ AC+4 Str-4}
 54797 | Zig:24   | Identified a ring of the Octopus King {Wiz HP+2 AC+2 EV+2
                  | SH+2}
 54810 | Zig:24   | Identified the ring of Dogma {rElec rF- rC+ Int+4 Dex+3}
 54818 | Zig:24   | Identified the +0 pair of boots of the Ward {Int+2}
 54822 | Zig:24   | Got the Spellbook of Lightning
 54826 | Zig:24   | Identified the +1 sling of Astyips {flame, rPois Str+3
                  | Int-3}
 54871 | Zig:24   | Acquired 824 gold pieces
 54911 | Zig:25   | Entered Level 25 of a ziggurat
 54991 | Zig:25   | Identified the +4 plate armour of Quick Freedom {rPois}
 54993 | Zig:26   | Entered Level 26 of a ziggurat
 55083 | Zig:26   | Reached skill level 24 in Summonings
 55099 | Zig:26   | Reached skill level 5 in Earth Magic
 55281 | Zig:26   | Found the +10 zealot's sword {holy, Zealotry, *Rage rN+
                  | EV+3}
 55295 | Zig:26   | Identified the +2 spear of Thoughtfulness {flame, Str+3}
 55324 | Zig:26   | Identified the ring of the Weak God {rElec rF- rC+ rN+++
                  | Will+}
 55337 | Zig:27   | Entered Level 27 of a ziggurat
 55364 | Zig:27   | Noticed an ancient lich
 55368 | Zig:27   | Killed an ancient lich
 55372 | Zig:27   | Noticed an ancient lich
 55373 | Zig:27   | Killed an ancient lich
 55377 | Zig:27   | Reached skill level 5 in Dodging
 55393 | Zig:27   | Found the +7 captain's cutlass {speed, disarm}
 55396 | Zig:27   | Found the sphere of Battle
 55430 | Zig:27   | Identified the amulet "Onnulah" {RegenMP Dex+2}
 55442 | Zig:27   | Identified the ring of Purem {*Corrode +Blink Int+6 SInv}
 55444 | Zig:27   | Identified the +0 quick blade of Wiule {heavy, *Corrode
                  | rElec rPois Dex+2}
 55465 | Zig:27   | Identified the +0 robe of the Game Afoot {rElec}
 55529 | Zig:27   | Learned a level 2 spell: Blink
 56264 | Zig:1    | Entered Level 1 of a ziggurat
 56283 | Zig:2    | Entered Level 2 of a ziggurat
 56304 | Zig:3    | Entered Level 3 of a ziggurat
 56337 | Zig:4    | Entered Level 4 of a ziggurat
 56368 | Zig:5    | Entered Level 5 of a ziggurat
 56372 | Zig:5    | Noticed Rellik the pandemonium lord
 56375 | Zig:5    | Killed Rellik the pandemonium lord
 56393 | Zig:5    | Reached skill level 10 in Dodging
 56602 | Zig:5    | Identified the staff "Camun" {rN+ Dex+3 Necro}
 56605 | Zig:5    | Identified the ring of Disaster {^Drain rElec rN+ Dex+6}
 56620 | Zig:6    | Entered Level 6 of a ziggurat
 56925 | Zig:7    | Entered Level 7 of a ziggurat
 56931 | Zig:7    | Noticed a dread lich
 56935 | Zig:7    | Killed a dread lich
 57107 | Zig:7    | Identified the +6 falchion of Understanding {pain, Will+
                  | Dex+4}
 57117 | Zig:8    | Entered Level 8 of a ziggurat
 57124 | Zig:8    | Found the +9 sword of Power {lifebolt}
 57274 | Zig:9    | Entered Level 9 of a ziggurat
 57284 | Zig:9    | Noticed Rutebbar the pandemonium lord
 57286 | Zig:9    | Killed Rutebbar the pandemonium lord
 57425 | Zig:9    | Identified the +1 cloak of Lugonu's Indignation {rC- Str+6
                  | Dex+3}
 57451 | Zig:9    | Reached skill level 10 in Evocations
 57455 | Zig:10   | Entered Level 10 of a ziggurat
 57537 | Zig:10   | Identified the +5 battleaxe of Kewuika {antimagic, ^Contam
                  | rElec rN+ Will+}
 57550 | Zig:11   | Entered Level 11 of a ziggurat
 57556 | Zig:11   | Noticed Jiustrant the pandemonium lord
 57567 | Zig:11   | Killed Jiustrant the pandemonium lord
 57718 | Zig:11   | Identified the +4 hand axe of Doom {freeze, rN+ Str+9
                  | Int-2}
 57728 | Zig:11   | Identified the ring of Iteymp {rF+ rC+ Str-4 Dex+4}
 57742 | Zig:12   | Entered Level 12 of a ziggurat
 57758 | Zig:12   | Found the necklace of Bloodlust {Fury *Rage Will++ Int-3
                  | Slay+6}
 57779 | Zig:12   | Identified the +9 flail "Demonslayer" {protect, rC- rN+
                  | Dex+3 SInv}
 57803 | Zig:12   | Identified the +10 shortbow of Sunlight {flame, rF+}
 57816 | Zig:13   | Entered Level 13 of a ziggurat
 57828 | Zig:13   | Reached skill level 15 in Evocations
 57898 | Zig:13   | Identified the +0 leather armour of Jekkaruill {rPois
                  | Dex+3}
 57932 | Zig:13   | Got Ewag's Octavo of Conflict and the Band
 57935 | Zig:13   | Identified the +1 mace of Agony {holy, Str+3}
 57948 | Zig:14   | Entered Level 14 of a ziggurat
 57962 | Zig:14   | Noticed Diagar the pandemonium lord
 57965 | Zig:14   | Reached skill level 10 in Stealth
 57979 | Zig:14   | Killed Diagar the pandemonium lord
 57981 | Zig:14   | Found the +5 glaive of the Guard {elec, spectral}
 58233 | Zig:14   | Identified the +4 morningstar of Pandemonium {vamp, rC+
                  | Dex+4 Stlth-}
 58240 | Zig:14   | Identified the ring "Jinah" {rC+ Will+}
 58258 | Zig:14   | Identified the +9 short sword of Utsoemm {vamp, rPois rC+
                  | Dex+3 Stlth+}
 58259 | Zig:14   | Identified the +5 storm dragon scales of Bitterness {^Drain
                  | rElec rN+ Will+ Regen+}
 58281 | Zig:14   | Identified the amulet "Muasan" {RegenMP rF- Dex+4}
 58291 | Zig:15   | Entered Level 15 of a ziggurat
 58297 | Zig:15   | Noticed an ancient lich
 58300 | Zig:15   | Killed an ancient lich
 58303 | Zig:15   | Reached skill level 5 in Shapeshifting
 58316 | Zig:15   | Found the +9 sword of Zonguldrok {reap}
 58317 | Zig:15   | Found the +6 lightning scales {swift, rElec}
 58454 | Zig:15   | Identified the quicksilver dragon scales "Veunou Adog"
                  | {Will+ Int+3 Dex+4}
 58462 | Zig:15   | Identified the staff of Eternal Vigilance {rN+ Dex-2 SInv
                  | Necro Earth Alchemy}
 58510 | Zig:16   | Entered Level 16 of a ziggurat
 58516 | Zig:16   | Noticed a dread lich
 58519 | Zig:16   | Noticed a dread lich
 58520 | Zig:16   | Noticed a dread lich
 58520 | Zig:16   | Noticed a dread lich
 58523 | Zig:16   | Killed a dread lich
 58523 | Zig:16   | Killed a dread lich
 58523 | Zig:16   | Noticed an ancient lich
 58524 | Zig:16   | Noticed an ancient lich
 58524 | Zig:16   | Killed a dread lich
 58525 | Zig:16   | Killed a dread lich
 58527 | Zig:16   | Killed an ancient lich
 58528 | Zig:16   | Noticed a dread lich
 58528 | Zig:16   | Found the +10 morningstar "Eos" {elec, Halo rElec}
 58529 | Zig:16   | Killed a dread lich
 58529 | Zig:16   | Killed an ancient lich
 58530 | Zig:16   | Reached skill level 10 in Shapeshifting
 58597 | Zig:16   | Identified the +2 chain mail "Archah" {rPois Int-3 Dex+3}
 58669 | Zig:17   | Entered Level 17 of a ziggurat
 58732 | Zig:17   | Identified the +4 falchion "Nenamnec" {antimagic, rElec rF+
                  | Str+3}
 58742 | Zig:17   | Identified the +1 ring mail "Zikikk" {rC+ Int+3}
 58766 | Zig:18   | Entered Level 18 of a ziggurat
 58910 | Zig:18   | Identified the staff of the Witching Hawk {rCorr Conj}
 58925 | Zig:19   | Entered Level 19 of a ziggurat
 58937 | Zig:19   | Noticed an ancient lich
 58945 | Zig:19   | Found the ring of the Tortoise {AC+8}
 58963 | Zig:19   | HP: 14/307 [hellephant (14)]
 58964 | Zig:19   | Annihilated by a nargun

Illustrated notes

Levels and vault maps discovered:
D:1:      heliophobic_arrival_ceremonial_halls, layout_basic, serial_curves,
          eino_curves_02, eino_curves_02
D:2:      layout_rooms, minmay_misc_feat_encased, uniq_crazy_yiuf_cottage
D:3:      layout_loops_corners, hangedman_decor_riveting, minmay_snake_closets
D:4:      minmay_octagon_keep, layout_basic, cheibrodos_ashenzari_chains,
          nrook_mini_backslash
D:5:      layout_loops_ring, lemuel_doored_altar, lemuel_blue_sif_altar,
          gammafunk_ghost_arena
D:6:      layout_basic, mainiacjoe_overflow_alcove_1, minmay_temple_entry_grid,
          uniq_pikel
D:7:      layout_rooms, mainiacjoe_overflow_paths, nicolae_ossuary_entry_ruins,
          kennysheep_small_circle, uniq_joseph
D:8:      layout_loops_corners, dancing_weapons_uskayaw, uniq_erica
D:9:      layout_roguey, minmay_lair_entry_grove, chequers_garden,
          billiards_dpeg
D:10:     layout_big_octagon, grunt_dithmenos_smoke, grunt_ministairs_13,
          uniq_maurice
D:11:     layout_roguey, serial_shops, shop, uniq_amaemon
D:12:     layout_basic, nicolae_gozag_seed_capital
D:13:     layout_grid_maze, gammafunk_ghost_arena
D:14:     layout_roguey, david_vaults_5, hangedman_abyss_or_decor_lesser_grid,
          serial_bayou_crossing, uniq_roxanne, uniq_snorg, uniq_nessos,
          uniq_rupert
D:15:     hangedman_depths_entry_try_elsewhere_first, layout_basic,
          serial_shops, nicolae_shop_advertising_works
          [nicolae_subvault_shop_adworks], hangedman_abyss_or_decor_stabs,
          nicolae_shop_clearance
Temple:   hellmonk_temple_two_chambers
Lair:1:   layout_gridlike, minivault_23, kennysheep_snail_temple
Lair:2:   layout_gridlike, shoals_dummy_entry
Lair:3:   layout_hall_layers, alex1729_snake_entry_snake,
          gammafunk_ghost_necromancy, grunt_forest_stairs_clearing,
          uniq_gastronok
Lair:4:   layout_regular_city, slime_entry_2, nzn_sisyphean_effort
Lair:5:   cheibrodos_lair_end_hotspot, layout_cave_pods,
          portal_ice_cave_entry_pillars_1, bobbens_ice_dragon_lair
Shoals:1: layout_shoals, serial_shops, nicolae_shop_bloodbath_and_beyond,
          uniq_donald
Shoals:2: nicolae_shoals_island_circles, layout_shoals, uniq_frances,
          uniq_polyphemus
Shoals:3: layout_shoals
Shoals:4: shoals_end_grunt_garden, layout_shoals, shoals_ilsuiw_ice,
          nicolae_shoals_kraken_party
Snake:1:  layout_rooms, guppyfry_library_mini, uniq_kirke, uniq_aizul
Snake:2:  layout_layer_cave, serial_shops, nicolae_shop_gaudy_bauble, drop_trap
Snake:3:  nicolae_snake_crotalidae_crossing, layout_cave_town,
          gammafunk_ghost_berserking_beasts, uniq_vashnia, uniq_nikola
Snake:4:  grunt_snake_rune_pools, layout_gridlike, uniq_mara
Orc:1:    layout_caves, serial_shops, nicolae_diamond_shop
Orc:2:    st_orc_open, layout_caves
Elf:1:    eino_elf_arrival_customs, layout_gridlike,
          gammafunk_ghost_wrathful_warriors, serial_shops, shop,
          minmay_elf_annihilation, uniq_norris
Elf:2:    nicolae_elf_blades_crystal_corner, layout_geoelf_octagon,
          serial_shops, shop, dreamdust_princess_corridor, uniq_agnes,
          uniq_louise
Elf:3:    minmay_elf_hall_not_hex, layout_onion_city, serial_shops, shop,
          lemuel_statue_altar, minmay_shoptagon
Vaults:1: nicolae_vaults_back_hallway, nicolae_vaults_sightless_eye,
          ontoclasm_vaults_pinch, nicolae_vaults_mini_display_case,
          nicolae_vaults_asterisk, v_misc_30, layout_vaults_omnigrid
Vaults:2: portal_desolation_entry_twin_temple, hangedman_vaults_variations,
          minmay_crypt_entry_necro_gods, nicolae_vaults_closet_pinwheel_3,
          hangedman_vaults_locks, nicolae_vaults_network_barrier,
          vaults_mumra_chevron_long, v_misc_25,
          vaults_standard_mumra_enter_the_diamond, nicolae_vaults_house_3,
          nicolae_vaults_alarming, nicolae_vaults_tetromino_L_1,
          vaults_dpeg_encased_lava, layout_vaults_omnicross, serial_shops, shop
Vaults:3: nicolae_vaults_quartermaster, hangedman_vaults_slice,
          ontoclasm_vaults_ring_square, v_misc_18,
          nicolae_vaults_more_shelving_2, nicolae_vaults_angled_halls,
          nicolae_vaults_ellipses_ellipsis, v_rooms_4, v_misc_1,
          nicolae_vaults_trapezoid_lopsided_3, nicolae_vaults_house_3,
          nicolae_vaults_diamond_2, layout_vaults_ring, serial_shops, shop,
          uniq_saint_roka, uniq_zenata, uniq_margery
Vaults:4: vaults_standard_mumra_x, vaults_mumra_minichess_inversion,
          nicolae_vaults_trapezoid_lopsided_4, nicolae_whirlpool,
          hangedman_vaults_unwind, nicolae_vaults_circle_grid_a, v_pattern_1,
          v_misc_13, v_misc_22, nicolae_vaults_wine_cellar,
          layout_vaults_omnibox, uniq_bai_suzhen
Vaults:5: serial_shops
Depths:1: regret_index_malice_mire, layout_gridville, enter_ziggurat_b,
          abyss_entry_crystal, pf_hell_entry_tar_river, wad_floor_pattern_2,
          nicolae_figureground_pulse
Depths:2: evilmike_inaccessible_box, layout_cave_pools, hell_entry,
          serial_shops, nicolae_shop_peninsula, rand_demon_pan_entry_7,
          lemuel_tele_altar, minmay_staircase_statues, uniq_asterion
Zig:19:   ziggurat_pillar_d, ziggurat_pillar_d, ziggurat_pillar_d,
          ziggurat_pillar_d

Skill      XL: |  1  2  3  4  5  6  7  8  9 10 11 12 13 14 15 16 17 18 19 20 21 22 23 24 25 26 27 |
---------------+----------------------------------------------------------------------------------+-----
Spellcasting   | 3 4 5 6 7 10 12 13 15 18 19 21 22 | 22.8
Fighting       | 2 7 9 17 | 17.2
Conjurations   | 5 8 10 13 15 16 17 | 17.9
Summonings     | 7 10 16 20 22 24 | 24.9
Shields        | 8 9 10 12 17 | 17.2
Stealth        | 7 11 | 11.1
Fire Magic     | 7 13 17 18 | 18.5
Necromancy     | 5 7 12 14 17 | 17.5
Earth Magic    | 9 |  9.1
Armour         | 14 | 14.0
Dodging        | 10 | 10.5
Evocations     | 15 | 15.2
Shapeshifting  | 14 | 14.0

Action                     |  1- 3 |  4- 6 |  7- 9 | 10-12 | 13-15 | 16-18 | 19-21 | 22-24 | 25-27 || total
---------------------------+-------+-------+-------+-------+-------+-------+-------+-------+-------++-------
  Melee: Unarmed           |    11 |       |       |       |       |       |       |       |       ||    11
         Whip              |    24 |       |       |       |       |       |       |       |       ||    24
         Falchion          |     6 |    40 |       |       |       |       |       |       |       ||    46
         Staff             |       |    15 |       |       |       |       |       |       |     5 ||    20
         Mace              |       |     7 |     4 |     4 |     1 |     4 |       |       |       ||    20
         Punch             |       |     1 |       |       |       |       |       |       |       ||     1
   Cast: Magic Dart        |    21 |     4 |    27 |   192 |    29 |       |       |       |       ||   273
         Searing Ray       |    10 |    22 |    64 |    17 |    36 |    11 |     4 |     2 |       ||   166
         Iskenderun's Batt |       |       |     7 |    30 |     6 |       |     1 |       |       ||    44
         Iskenderun's Myst |       |       |     1 |     1 |     9 |     8 |    16 |     9 |       ||    44
         Orb of Destructio |       |       |       |    41 |   120 |   199 |   151 |    71 |       ||   582
         Spellforged Servi |       |       |       |     8 |    90 |   110 |    65 |    23 |     2 ||   298
         Ignite Poison     |       |       |       |       |    16 |     9 |       |       |       ||    25
         Olgreb's Toxic Ra |       |       |       |       |    13 |     9 |     3 |     1 |       ||    26
         Ignition          |       |       |       |       |       |   119 |   183 |    39 |   133 ||   474
         Malign Gateway    |       |       |       |       |       |       |     4 |     3 |     2 ||     9
         Dragon's Call     |       |       |       |       |       |       |     5 |    35 |    24 ||    64
         Fire Storm        |       |       |       |       |       |       |       |    19 |    82 ||   101
         Borgnjor's Revivi |       |       |       |       |       |       |       |       |     1 ||     1
         Lehudib's Crystal |       |       |       |       |       |       |       |       |    32 ||    32
         Blink             |       |       |       |       |       |       |       |       |     1 ||     1
         Infestation       |       |       |       |       |       |       |       |       |     1 ||     1
  Evoke: Sack of spiders   |       |       |       |       |     2 |       |       |       |     2 ||     4
         Condenser vane    |       |       |       |       |     1 |       |       |       |       ||     1
         Wand              |       |       |       |       |       |       |       |       |     2 ||     2
         Lightning rod     |       |       |       |       |       |       |       |       |     2 ||     2
         Figurine of a zig |       |       |       |       |       |       |       |       |     1 ||     1
    Use: Potion            |     2 |       |       |       |       |     6 |     7 |     7 |    41 ||    63
         Scroll            |       |     5 |     7 |     9 |     7 |    12 |     7 |     5 |    22 ||    74
   Stab: Sleeping          |     2 |       |       |       |       |       |       |       |       ||     2
 Armour: Robe              |    26 |       |       |       |       |       |       |    77 |    48 ||   151
         Ring mail         |     3 |    58 |     6 |       |       |       |       |       |       ||    67
         Leather armour    |       |       |    20 |    41 |   120 |    47 |       |       |       ||   228
         Troll leather arm |       |       |       |       |       |   209 |   184 |   108 |   254 ||   755
         Skin              |       |       |       |       |       |       |       |       |    40 ||    40
  Dodge: Dodged            |    40 |    45 |    72 |    36 |    99 |   145 |    68 |    57 |   117 ||   679
  Block: Other             |       |    15 |     2 |       |       |       |       |       |       ||    17
         Reflection        |       |     2 |       |       |       |       |       |    20 |    35 ||    57
         Buckler           |       |       |       |       |       |       |       |    50 |   176 ||   226
